 Dungeon Crawl Stone Soup version 0.28.0-1-gb440e238dd (webtiles) character file.

Game seed: 10397845700311890353

1315 Woods the Cleaver (level 8, -6/46 HPs)
             Began as a Gargoyle Fighter on Feb 22, 2022.
             Was an Initiate of Yredelemnul.
             Mangled by an orc warrior (11 damage)
             ... on level 5 of the Dungeon.
             The game lasted 00:08:10 (5684 turns).

Woods the Cleaver (Gargoyle Fighter)                Turns: 5684, Time: 00:08:11

Health: -6/46      AC: 13    Str: 20    XL:     8   Next: 58%
Magic:  8/8        EV:  9    Int:  9    God:    Yredelemnul [......]
Gold:   201        SH:  4    Dex: 11    Spells: 7/7 levels left

rFire   . . .      SeeInvis .   a - +0 war axe
rCold   . . .      Faith    .   c - +0 buckler
rNeg    + . .      Spirit   .   b - +0 scale mail
rPois   ∞          Reflect  .   g - +0 helmet
rElec   +          Harm     .   (no cloak)
rCorr   .          Rampage  .   (no gloves)
Will    .....                   (no boots)
Stlth   ..........              (no amulet)
HPRegen 0.15/turn               (no ring)
MPRegen 0.11/turn               (no ring)

@: no status effects
A: sickness immunity, AC +5, negative energy resistance 1, electricity
resistance, torment resistance 1, petrification resistance
a: Renounce Religion, Recall Undead Harvest


You were on level 5 of the Dungeon.
You worshipped Yredelemnul.
Yredelemnul was noncommittal.
You visited 1 branch of the dungeon, and saw 5 of its levels.

You collected 201 gold pieces.

Inventory:

Hand Weapons
 a - a +0 war axe (weapon)
Armour
 b - a +0 scale mail (worn)
 c - a +0 buckler (worn)
 g - a +0 helmet (worn)
Wands
 d - a wand of flame (28)
 j - a wand of mindburst (18)
 o - a wand of paralysis (12)
Scrolls
 e - a scroll of noise {unknown}
 f - a scroll of fog {unknown}
 h - 2 scrolls of holy word {unknown}
 i - 2 scrolls of enchant armour {unknown}
 q - a scroll of teleportation {unknown}
 r - a scroll of enchant weapon {unknown}
 s - a scroll of fear {unknown}
 t - a scroll of identify {unknown}
Potions
 k - 2 potions of flight {unknown}
 l - a potion of heal wounds
 m - a potion of curing {unknown}
 n - 2 potions of mutation {unknown}
 p - 2 potions of ambrosia {unknown}
 u - a potion of invisibility {unknown}


   Skills:
 - Level 3.2 Fighting
 + Level 9.5 Axes
 - Level 3.2 Armour
 - Level 3.2 Shields


You had 7 spell levels left.
You didn't know any spells.
Your spell library contained the following spells:

 Spells                   Type           Power      Damage    Failure   Level
 Pain                     Necr           0%         1d4       83%         1
 Summon Guardian Golem    Hex/Summ       0%         N/A       99%         3
 Cause Fear               Hex            0%         N/A       100%        4
 Leda's Liquefaction      Hex/Erth       0%         N/A       100%        4


Dungeon Overview and Level Annotations

Branches:
Dungeon (5/15)
 Temple: D:4-7

Altars:
Kikubaaqudgha
Ru
Trog
Uskayaw
Vehumet
Yredelemnul
Zin

Annotations:
D:4 1 runed translucent door, Zeld's ghost, amateur MfIE


Innate Abilities, Weirdness & Mutations

You are immune to sickness and miasma.
Your stone body is resilient. (AC +5)
You are immune to poison.
You resist negative energy. (rN+)
You are resistant to electric shocks. (rElec)
You are resistant to unholy torment.
You are immune to petrification.


Message History

Your worm zombie bites the orc warrior!
The orc warrior hits your iguana zombie with a +0 scimitar!!
Your iguana zombie is destroyed!
You hit the orc warrior.
The orc warrior is moderately wounded.
The orc hits you but does no damage.
The orc priest casts a cantrip, but nothing happens.
You block the orc's attack.
Your worm zombie bites the orc warrior.
You barely miss the orc. You hit the orc. You hit the orc warrior.
You block the orc warrior's attack. You block the orc's attack.
The orc barely misses you. The orc hits you but does no damage.
The orc warrior hits you with a +0 scimitar!
You closely miss the orc. You hit the orc warrior. You slash the orc!
You kill the orc!
The orc closely misses you.
The orc warrior hits you but does no damage.
Your worm zombie closely misses the orc warrior.
You closely miss the orc.
You hit the orc warrior but do no damage.
You closely miss the orc. You block the orc's attack.
The orc hits you with a +0 morningstar!
* * * LOW HITPOINT WARNING * * *
The orc warrior misses you. The orc hits you but does no damage.
Unknown command.
You barely miss the orc warrior.
The orc warrior is almost dead.
You hit the orc. You barely miss the orc. The orc hits you but does no damage.
The orc warrior hits you with a +0 scimitar.
* * * LOW HITPOINT WARNING * * *
The orc hits you with a +0 dagger.
* * * LOW HITPOINT WARNING * * *
You barely miss the orc warrior.
The orc warrior is almost dead.
You barely miss the orc. You slash the orc!
You kill the orc!
The orc priest calls upon Beogh to heal the orc.
The orc's wounds heal themselves!
The orc warrior hits you with a +0 scimitar!
You die...
Your body rises from the dead as a mindless zombie.

#...#.####.....
##................
#...............
##.............
##........... ..
###........ . #
#.....#o.# . .#.
#....##)o#.#....
#....##@##......
##....Zo........
##...............
##...............#
#.......#.......##
#........###....##
###....### ##..#
#.#.## ### ####


You could see an orc warrior (ally target), an orc priest, an orc and a friendly
worm zombie.

Vanquished Creatures
  Sigmund (D:2)
  A water moccasin (D:4)
  2 ogres
  A phantom (D:4)
  A killer bee (D:4)
  A centaur zombie (D:3)
  A bullfrog zombie (D:5)
  An iguana (D:5)
  Ijyb (D:4)
  An orc wizard (D:3)
  Natasha (thrice) (D:3)
  Robin (D:3)
  4 adders
  A white imp (D:4)
  An adder skeleton (D:4)
  3 worms
  3 dart slugs
  6 orcs
  4 bats
  2 endoplasms
  A giant cockroach (D:4)
  14 goblins
  5 hobgoblins
  3 jackals (D:3)
  4 quokkas
  6 ball pythons
  5 frilled lizards
  3 kobolds
  3 rats
83 creatures vanquished.

Vanquished Creatures (collateral kills)
  A black bear (D:4)
  An ogre (D:4)
  A scorpion (D:4)
  3 killer bees (D:4)
  A howler monkey (D:4)
  An adder (D:4)
  2 goblins (D:4)
10 creatures vanquished.

Vanquished Creatures (others)
  An adder zombie (D:4)
  An iguana zombie (D:5)
  2 ball python zombies (D:4)
  A dart slug zombie (D:4)
  A goblin zombie (D:4)
6 creatures vanquished.

Grand Total: 99 creatures vanquished

Notes
Turn   | Place    | Note
-------+----------+-------------------------------------------
     0 | D:1      | Woods the Gargoyle Fighter began the quest for the Orb.
     0 | D:1      | Reached XP level 1. HP: 14/14 MP: 1/1
    79 | D:1      | Reached skill level 2 in Axes
   147 | D:1      | Reached XP level 2. HP: 13/19 MP: 2/2
   659 | D:1      | Found a faded altar of an unknown god.
   807 | D:2      | Noticed Sigmund
  1076 | D:2      | Reached skill level 3 in Axes
  1104 | D:2      | Reached XP level 3. HP: 23/23 MP: 3/3
  1373 | D:2      | Killed Sigmund
  1374 | D:2      | Reached skill level 5 in Axes
  1374 | D:2      | Reached XP level 4. HP: 24/28 MP: 4/4
  1374 | D:2      | Reached XP level 5. HP: 28/32 MP: 5/5
  1469 | D:3      | Noticed Natasha
  1471 | D:3      | Noticed Robin
  1487 | D:3      | Killed Robin
  1490 | D:3      | Killed Natasha
  1491 | D:3      | Reached XP level 6. HP: 30/37 MP: 6/6
  1583 | D:3      | Noticed Natasha
  1594 | D:3      | Killed Natasha
  1595 | D:3      | Reached skill level 6 in Axes
  1624 | D:3      | Noticed Natasha
  1640 | D:3      | Killed Natasha
  1885 | D:3      | Found a radiant altar of Vehumet.
  1971 | D:3      | Found a basalt altar of Yredelemnul.
  1991 | D:3      | Became a worshipper of Yredelemnul the Dark
  2048 | D:3      | Found a sacrificial altar of Ru.
  2052 | D:3      | Reached * piety under Yredelemnul
  2134 | D:3      | Found a hide-covered altar of Uskayaw.
  2486 | D:3      | Reached XP level 7. HP: 11/41 MP: 7/7
  2745 | D:4      | Reached skill level 7 in Axes
  3093 | D:4      | Reached skill level 8 in Axes
  3212 | D:4      | Reached XP level 8. HP: 39/46 MP: 8/8
  3250 | D:4      | Found a glowing silver altar of Zin.
  3269 | D:4      | Found a runed translucent door.
  3271 | D:4      | Noticed Zeld's ghost (amateur MfIE)
  3335 | D:4      | Found a bloodstained altar of Trog.
  3360 | D:4      | Reached skill level 9 in Axes
  3825 | D:4      | Found an ancient bone altar of Kikubaaqudgha.
  5260 | D:5      | Entered Level 5 of the Dungeon
  5263 | D:5      | Noticed Ijyb
  5395 | D:4      | Killed Ijyb
  5630 | D:5      | Got the Tome of Enthralling Sinister Secrets
  5684 | D:5      | Mangled by an orc warrior

Illustrated notes

Levels and vault maps discovered:
D:1:      doesnt_arrival_eight_statues, layout_loops_cross,
          shapermc_ecumenical_altar_notcrosses
D:2:      layout_rooms, kennysheep_generic_room_15, uniq_sigmund
D:3:      layout_loops_ring, lemuel_doored_altar,
          nicolae_ru_great_annihilating_truth, mainiacjoe_overflow_brackets,
          lemuel_round_altar, uniq_robin, uniq_natasha
D:4:      layout_cave_pools, lemuel_tele_altar,
          mainiacjoe_overflow_six_doors_small, mainiacjoe_overflow_alcove_4,
          ebering_ghost_reflecting_pool, minivault_5
D:5:      layout_cave_pools, mainiacjoe_overflow_alcove_1,
          corexii_item_surrounded_by_moat, minmay_bent, uniq_ijyb

Skill      XL: |  1  2  3  4  5  6  7  8 |
---------------+-------------------------+-----
Axes           | 2 3 5 6 8 9 |  9.5
Fighting       | |  3.2
Armour         | |  3.2
Shields        | |  3.2

Action                   |  1- 3 |  4- 6 |  7- 9 || total
-------------------------+-------+-------+-------++-------
Melee: War axe           |    62 |   120 |   100 ||   282
Invok: Recall Undead Har |       |     1 |       ||     1
  Use: Potion            |     1 |       |       ||     1
 Stab: Paralysed         |       |     1 |       ||     1
Armor: Scale mail        |    29 |    62 |    39 ||   130
Dodge: Dodged            |    26 |    50 |    57 ||   133
Block: Buckler           |    10 |    19 |    35 ||    64
